Map: Abyssal Reef LE

Players

Duke - Winner!

  • Race: Terran Terran
  • League: Silver
  • Spawn Location: 5:00

A.I. 1 (Easy)

  • Race: Terran Terran
  • Spawn Location: 11:00

VOD

Have the link to the VOD?

Description

Time

  • Played on: Aug. 21, 2017, 3:08 p.m.
  • Length: 14:17
Show
View Real Time Build Order
Export as new Build Order

Duke Terran - Winner!

Build Orders: MMM Bio 

Get SALT Encoding   

  12  0:06  SCV  
  13  0:16  Supply Depot  
  13  0:41  Barracks  
  13  0:49  SCV  
  14  0:57  Refinery  
  14  1:01  SCV  
  15  1:13  SCV  
  16  1:31  Supply Depot  
  16  1:35  Barracks Tech Lab  
  16  1:42  Refinery  
  16  2:01  Command Center  
  16  2:08  Supply Depot  
  16  2:10  Stimpack  
  16  2:27  SCV  
  17  2:34  Barracks  
  17  2:39  SCV  
  18  2:51  SCV  
  19  3:04  SCV  
  20  3:13  SCV  
  20  3:19  SCV  
  22  3:23  Engineering Bay  
  22  3:25  SCV  
  23  3:31  SCV  
  24  3:37  SCV  
  25  3:43  SCV  
  26  3:49  SCV  
  26  3:55  SCV  
  28  4:01  SCV  
  29  4:05  Barracks Reactor  
  29  4:07  SCV  
  30  4:10  Combat Shields  
  30  4:13  SCV  
  31  4:18  Marine  
  31  4:19  SCV  
  33  4:25  SCV  
  34  4:31  SCV  
  34  4:36  Marine  
  34  4:38  SCV  
  37  4:54  Marine  
  38  5:07  Barracks  
  38  5:08  SCV  
  38  5:11  SCV, Marine  
  41  5:20  SCV  
  42  5:23  SCV  
  43  5:29  Concussive Shells  
  43  5:32  SCV  
  43  5:35  SCV, Marine x2  
  46  5:37  Refinery  
  46  5:40  Marauder  
  49  5:45  SCV  
  49  5:47  SCV  
  51  5:53  Marine x2  
  54  5:57  SCV, Command Center  
  54  5:59  Barracks Reactor  
  54  6:13  Supply Depot  
  54  6:19  Supply Depot  
  54  6:24  Refinery  
  54  6:34  SCV, Marine x2  
  54  6:35  Marauder  
  54  6:39  Supply Depot  
  59  6:52  Marine x2  
  61  6:56  Marauder  
  65  7:17  Marauder  
  64  7:39  Marauder  
  63  8:45  Command Center  
  56  9:38  Marauder  
  56  9:39  Marine x2  
  58  9:57  Marine x2  
  56  10:00  Marauder  
  56  10:11  Barracks  
  56  10:14  SCV  
  57  10:15  Marine x2  
  57  10:21  Marauder  
  61  10:26  SCV  
  62  10:33  Marine x2  
  64  10:38  SCV  
  64  10:42  Marauder  
  67  10:50  SCV, Marine  
  67  10:51  Marine  
  70  11:02  SCV  
  70  11:04  Marauder  
  73  11:08  Marine x2  
  75  11:14  SCV  
  76  11:19  Barracks Reactor  
  76  11:25  Marauder  
  78  11:26  SCV  
  79  11:36  Barracks  
  79  11:38  SCV  
  80  11:46  Marauder  
  82  11:50  SCV, Marine x2  
  84  12:03  SCV  
  84  12:08  Marine x2, Marauder  
  85  12:09  Marine x2  
  85  12:15  SCV  
  89  12:21  Refinery  
  89  12:26  Marine x2, Barracks Tech Lab  
  89  12:27  SCV, Marine  
  93  12:46  Supply Depot  
  93  13:07  Marine x4  
  93  13:08  SCV, Marauder  
  93  13:09  Supply Depot  
  100  13:20  SCV  
  101  13:30  Marine x4  
  101  13:31  Marauder x2, Supply Depot  
  109  13:52  Marine x4  
  109  13:53  Marauder x2  
  109  13:54  Supply Depot  
Show
View Real Time Build Order
Export as new Build Order

A.I. 1 (Easy) Terran 

Build Orders:  

Get SALT Encoding   

  12  0:00  SCV  
  13  0:13  SCV  
  14  0:18  Supply Depot  
  14  0:25  SCV  
  15  0:40  SCV  
  16  0:43  Barracks  
  16  0:46  Refinery  
  16  1:10  Supply Depot  
  16  1:21  Refinery  
  16  1:30  Marine  
  17  1:32  Orbital Command  
  17  1:49  Barracks Tech Lab  
  17  2:07  Marine  
  18  2:14  Supply Depot  
  18  2:15  SCV  
  19  2:27  SCV  
  20  2:30  Marine  
  21  2:39  SCV  
  22  2:51  SCV  
  22  2:53  Marine  
  24  3:03  SCV  
  25  3:15  SCV  
  25  3:16  Marauder  
  28  3:39  Marauder  
  30  4:02  Marauder  
  32  6:39  SCV, Reaper  
  34  6:42  Supply Depot  
  34  6:48  Command Center  
  34  6:51  SCV  
  34  7:05  Factory  
  34  7:07  Supply Depot  
  34  7:11  Marine  
  35  7:29  Marine  
  36  7:47  Marine  
  36  7:51  Starport  
  27  8:00  SCV  
  27  8:04  Marine  
  27  8:05  SCV  
  30  8:07  Refinery  
  30  8:10  Refinery  
  31  8:12  SCV  
  31  8:17  SCV  
  32  8:22  Marine  
  32  8:24  SCV  
  33  8:29  SCV, Starport Tech Lab  
  33  8:31  Hellion  
  34  8:37  SCV  
  34  8:41  SCV  
  34  8:47  Marauder, Raven  
  31  8:49  SCV  
  30  9:01  SCV, Hellion  
  32  9:13  SCV  
  32  9:16  Reaper  
  27  9:25  SCV  
  27  9:30  Hellion, Raven  
  32  9:37  SCV  
  32  9:48  Marauder  
  32  9:49  SCV  
  35  9:54  Supply Depot  
  35  9:59  Hellion  
  37  10:01  SCV  
  38  10:08  Command Center  
  38  10:13  SCV, Marine  
  40  10:15  Refinery  
  40  10:23  Refinery  
  40  10:25  SCV  
  41  10:31  Marine  
  42  10:38  SCV  
  43  10:49  Marine  
  44  10:50  SCV  
  45  11:02  SCV  
  46  11:07  Marauder  
  48  11:14  SCV  
  49  11:20  SCV  
  50  11:26  SCV  
  50  11:28  Marine  
  50  11:32  SCV  
  53  11:38  SCV  
  54  11:44  SCV  
  54  11:46  Marine, Medivac  
  58  11:50  Engineering Bay, SCV  
  59  11:58  Hellion  
  59  11:59  Supply Depot  
  51  12:06  Marine  
  45  12:16  Terran Infantry Weapons Level 1, Medivac  
  47  12:23  Marine  
  48  12:33  Hellion  
  50  12:41  SCV, Reaper  
  51  12:46  SCV, Raven  
  51  12:56  Hellion  
  53  13:01  SCV  
  52  13:05  SCV  
  52  13:13  SCV  
  52  13:14  Marauder  
  55  13:23  Hellion  
  57  13:29  Raven  
  59  13:35  Reaper  
  60  13:47  Command Center  
  60  13:48  Hellion  
  58  13:52  SCV  
  49  13:57  SCV  
  41  14:04  SCV  
  41  14:09  Refinery  
Tags
 
Composition
MMM Bio
League
Silver
Matchup
TvT
Race
Terran
Spawn Locations
Cross Positions
Add a new tag
Caveats
  • Supply blocks, unpowered buildings, or Contaminate may cause inaccurate times.
  • Supply counts are checked every 10 seconds.